 Dungeon Crawl Stone Soup version 0.22.1-1-ga44c0e5 (webtiles) character file.

14585 Starchild the Jinx (level 11, -7/80 HPs)
             Began as a Vampire Enchanter on Sept 20, 2018.
             Was a Believer of Dithmenos.
             Mangled by an orc warrior
             ... wielding a cursed -1 halberd
             ... led by an orc knight
              (15 damage)
             ... on level 1 of the Orcish Mines on Sept 23, 2018.
             The game lasted 01:11:07 (16497 turns).

Starchild the Jinx (Vampire Enchanter)             Turns: 16497, Time: 01:11:08

Health: -7/80      AC:  9    Str:  7    XL:     11   Next: 90%
Magic:  7/17       EV: 17    Int: 20    God:    Dithmenos [**....]
Gold:   725        SH:  7    Dex: 20    Spells: 5/14 levels left

rFire    . . .     SeeInvis +   K - +5 short sword (freeze)
rCold    + . .     Gourm    .   Q - +2 buckler
rNeg     + + .     Faith    .   l - +2 robe {MR+}
rPois    +         Spirit   .   i - +0 helmet
rElec    .         Reflect  .   w - +2 cloak
rCorr    .         Harm     .   u - +0 pair of gloves
MR       ++...                  (no boots)
Stlth    ++++++++..             (no amulet)
HPRegen  0.11/turn              q - +4 ring of dexterity
MPRegen  0.15/turn              B - +4 ring of evasion

@: regenerating slowly, wreathed by umbra
A: fangs 3, see invisible, unbreathing
a: Bat Form, Shadow Step, Renounce Religion


You were on level 1 of the Orcish Mines.
You worshipped Dithmenos.
Dithmenos was pleased with you.
You were thirsty.

You visited 4 branches of the dungeon, and saw 15 of its levels.

You collected 856 gold pieces.
You spent 131 gold pieces at shops.

Inventory:

Hand Weapons
 f - a +3 short sword of venom
 E - the +7 great mace "Waesitag" {speed, rC- rN++ MP+9 Stlth+, unknown}
   (You found it on level 6 of the Dungeon)

   Attacks with this weapon are significantly faster.
   It makes you vulnerable to cold.
   It greatly protects you from negative energy.
   It affects your magic capacity (+9).
   It makes you more stealthy.
 K - a +5 short sword of freezing (weapon)
 O - a +2 vampiric short sword
Missiles
 c - 349 stones
 h - 9 tomahawks
 N - 4 javelins
 P - 4 throwing nets
 R - 4 javelins of returning (quivered)
Armour
 e - the cursed +1 robe of the Cuttlefish {rPois rN++}
   (You bought it in a shop on level 4 of the Dungeon)

   It protects you from poison.
   It greatly protects you from negative energy.
   It has a curse placed upon it.
 i - a +0 helmet (worn)
 l - a +2 robe of magic resistance (worn)
 u - a +0 pair of gloves (worn)
 w - a +2 cloak (worn)
 F - a scarf of spirit shield
 Q - a +2 buckler (worn)
Jewellery
 q - a +4 ring of dexterity (left hand)
 B - a +4 ring of evasion (right hand)
 J - an uncursed ring of magical power
 L - an uncursed ring of protection from cold
Wands
 j - a wand of flame (56)
 n - a wand of paralysis (9)
 p - a wand of digging (2)
 D - a wand of random effects (17)
Scrolls
 b - 9 scrolls of teleportation
 g - a scroll of identify
 m - 2 scrolls of enchant armour
 s - 2 scrolls of amnesia
 v - a scroll of silence {unknown}
 x - a scroll of immolation {unknown}
 y - 3 scrolls of remove curse
 A - a scroll of random uselessness {unknown}
 C - 2 scrolls of fog
 M - a scroll of holy word {unknown}
 S - a scroll of magic mapping {unknown}
Potions
 a - a potion of magic
 d - 6 potions of blood
 k - 3 potions of might
 o - a potion of brilliance
 r - 3 potions of curing
 t - a potion of resistance
 z - 6 potions of flight
 G - 2 potions of cancellation
 H - a potion of heal wounds
 I - 3 potions of haste


   Skills:
 + Level 5.4 Fighting
 - Level 12.0 Short Blades
 - Level 2.1 Dodging
 - Level 12.0 Stealth
 * Level 3.2 Shields
 - Level 2.0 Spellcasting
 - Level 12.3 Hexes
 - Level 0.1 Ice Magic
 - Level 8.1 Invocations


You had 5 spell levels left.
You knew the following spells:

 Your Spells              Type           Power        Failure   Level  Hunger
a - Corona                Hex            ######.      1%          1    #......
b - Ensorcelled Hibernat  Hex/Ice        ####..       1%          2    ##.....
c - Confuse               Hex            ######..     1%          3    ###....
d - Tukima's Dance        Hex            ######..     1%          3    ###....

Your spell library contained the following spells:

 Spells                   Type           Power        Failure   Level  Hunger
 Dazzling Spray           Conj/Hex       ####..       4%          3    ###....
 Beastly Appendage        Tmut           #.....       17%         1    #......
 Freeze                   Ice            #...         17%         1    #......
 Sticks to Snakes         Tmut           #.......     26%         2    ##.....
 Throw Frost              Conj/Ice       #.....       26%         2    ##.....
 Ozocubu's Armour         Chrm/Ice       #.......     45%         3    ###....
 Spider Form              Tmut/Pois      #.........   45%         3    ###....
 Ice Form                 Ice/Tmut       #.......     86%         4    #####..
 Summon Ice Beast         Ice/Summ       #.......     86%         4    #####..
 Throw Icicle             Conj/Ice       #.......     86%         4    #####..
 Blade Hands              Tmut           #.........   99%         5    ######.


Dungeon Overview and Level Annotations

Branches:
Dungeon (12/15)            Temple (1/1) D:6            Lair (1/6) D:11
    Orc (1/2) D:11

Altars:
Ashenzari
Cheibriados
Dithmenos
Elyvilon
Fedhas
Gozag
Hepliaklqana
Kikubaaqudgha
Makhleb
Nemelex Xobeh
Okawaru
Qazlal
Ru
Sif Muna
Trog
Uskayaw
Vehumet
Wu Jian
Xom
Yredelemnul
Zin
The Shining One
Beogh

Shops:
D:4 ***:   D:8 (

Annotations:
D:6 FrozenPanda's ghost, novice GrGl


Innate Abilities, Weirdness & Mutations

You heal slowly.
You have razor-sharp teeth.
You have supernaturally acute eyesight. (SInv)
You can survive without breathing.


Message History

Dithmenos accepts your kill.
The orc warrior hits you with an enchanted halberd!
* * * LOW HITPOINT WARNING * * *
Items here: $ ))) [ ††† Unknown command.
Casting: Tukima's Dance (safe; 1% risk of failure)
Confirm with . or Enter, or press ? or * to list all spells.
Aiming: Ensorcelled Hibernation (safe; 1% risk of failure)
Press: ? - help, Shift-Dir - straight line, f/p - orc warrior
Aim: an orc warrior, wielding an enchanted halberd and wearing a plate armour The orc warrior resists with significant effort.
The orc warrior barely misses you.
Casting: Ensorcelled Hibernation (safe; 1% risk of failure)
Confirm with . or Enter, or press ? or * to list all spells.
Aiming: Ensorcelled Hibernation (safe; 1% risk of failure)
Press: ? - help, Shift-Dir - straight line, f/p - orc warrior
Aim: an orc warrior, wielding an enchanted halberd and wearing a plate armour The orc warrior resists with significant effort.
The orc warrior hits you with an enchanted halberd!
You die...

##......)#...........#..
#..............#....#...
##.##..)#...#..........##..
#......................#.#.
##.#....).................#
# #.......................
##.##..÷................
#####o#.#..............
####.#@................
##....<#.....>..>.......
#.................#.....
...................#.....
.....#..........)......##
##..........#..#........#
#.......................#
#...##...................
...# ##.................#


You could see an orc warrior.

Vanquished Creatures
  Harold (D:11)
  Erica (D:11)
  A centaur warrior (D:11)
  2 two-headed ogres
  Nergalle (D:10)
  An orc knight (Orc:1)
  An orc sorcerer (Orc:1)
  A gargoyle (D:11)
  3 trolls
  2 polar bears (D:11)
  2 hippogriffs (D:8)
  Grinder (D:4)
  Sigmund (D:3)
  3 wyverns
  6 hungry ghosts
  5 yaks (D:11)
  Edmund (D:4)
  Menkaure (D:4)
  An acid dragon (D:12)
  6 orc warriors
  An ice beast (D:5)
  2 black bears (D:6)
  2 sky beasts
  2 phantoms
  3 centaurs
  6 ogres
  2 big kobolds
  Blork the orc (D:4)
  4 bullfrogs
  2 scorpions
  A wyvern skeleton (D:10)
  3 wights (D:8)
  2 howler monkeys
  2 vampire bats
  5 crimson imps
  A bullfrog zombie (D:6)
  7 hounds
  3 bullfrog skeletons
  7 orc priests
  Crazy Yiuf (D:4)
  2 centaur skeletons
  11 orc wizards
  3 iguanas
  Natasha (D:4)
  5 worker ants
  Terence (D:2)
  A killer bee zombie (D:7)
  2 hound skeletons
  A worker ant zombie (D:9)
  15 gnolls
  5 adders
  A shadow imp (D:7)
  A worm (D:2)
  2 dart slugs
  3 fire bats (D:3)
  6 leopard geckos
  44 orcs
  2 spectral bats (D:3)
  A ball python (D:3)
  6 bat skeletons
  5 bat zombies
  4 giant cockroaches
  7 goblins
  6 hobgoblins
  3 jackals (D:1)
  22 kobolds
  7 quokkas
  22 bats
  A bat simulacrum (D:3)
  6 frilled lizards
  A jackal zombie (D:7)
  A leopard gecko zombie (D:5)
  A quokka skeleton (D:5)
  A quokka zombie (D:7)
  11 rats
309 creatures vanquished.

Vanquished Creatures (collateral kills)
  2 two-headed ogres
  An orc warrior (Orc:1)
3 creatures vanquished.

Vanquished Creatures (others)
  3 dancing weapons
  A fungus (Lair:1)
4 creatures vanquished.

Grand Total: 316 creatures vanquished

Notes
Turn   | Place    | Note
-------+----------+-------------------------------------------
     0 | D:1      | Starchild the Vampire Enchanter began the quest for the
                  | Orb.
     0 | D:1      | Reached XP level 1. HP: 13/13 MP: 3/3
   185 | D:1      | Reached skill level 5 in Hexes
   257 | D:1      | Reached XP level 2. HP: 17/19 MP: 5/5
   261 | D:1      | Learned a level 2 spell: Ensorcelled Hibernation
  1535 | D:2      | Reached XP level 3. HP: 24/24 MP: 6/6
  1615 | D:2      | Learned a level 3 spell: Confuse
  2376 | D:2      | Noticed Terence
  2393 | D:2      | Reached XP level 4. HP: 15/30 MP: 7/7
  2478 | D:2      | Killed Terence
  2847 | D:3      | Reached XP level 5. HP: 35/35 MP: 8/8
  2859 | D:3      | HP: 1/35 [quokka (2)]
  3532 | D:3      | Noticed Sigmund
  3537 | D:3      | Killed Sigmund
  3537 | D:3      | Reached skill level 5 in Short Blades
  3537 | D:3      | Reached XP level 6. HP: 39/41 MP: 6/9
  3795 | D:3      | Reached XP level 7. HP: 38/46 MP: 10/10
  3912 | D:3      | Found a faded altar of an unknown god.
  3913 | D:3      | Found a sparkling altar of Nemelex Xobeh.
  3988 | D:3      | Learned a level 3 spell: Tukima's Dance
  4296 | D:4      | Noticed Grinder
  4298 | D:4      | Killed Grinder
  4298 | D:4      | Reached skill level 5 in Stealth
  4315 | D:4      | Found Awu Ymmo's Assorted Antiques.
  4389 | D:4      | Found an iron altar of Okawaru.
  4575 | D:4      | Noticed Menkaure
  4647 | D:4      | Found Dod Tujiena's Assorted Antiques.
  4661 | D:4      | Noticed Blork the orc
  4680 | D:4      | Killed Blork the orc
  4730 | D:4      | Found a runed door.
  4734 | D:4      | Noticed Crazy Yiuf
  4738 | D:4      | Killed Crazy Yiuf
  4738 | D:4      | Reached XP level 8. HP: 52/52 MP: 11/11
  4805 | D:4      | Killed Menkaure
  5417 | D:4      | Found Ogrea's Book Shop.
  5417 | D:4      | Noticed Edmund
  5422 | D:4      | Killed Edmund
  5459 | D:4      | Found Edgheafilo's General Store.
  5763 | D:4      | Noticed Natasha
  5769 | D:4      | Killed Natasha
  5837 | D:4      | Bought a slimy robe for 131 gold pieces
  5837 | D:4      | Identified the cursed +1 robe of the Cuttlefish {rPois
                  | rN++} (You bought it in a shop on level 4 of the Dungeon)
  5861 | D:5      | Entered Level 5 of the Dungeon
  6133 | D:5      | Found a burning altar of Makhleb.
  6620 | D:6      | Reached skill level 10 in Short Blades
  7337 | D:6      | Reached XP level 9. HP: 57/57 MP: 12/12
  7447 | D:6      | Found a transporter.
  7447 | D:6      | Noticed FrozenPanda's ghost (novice GrGl)
  7510 | D:6      | Found a transporter.
  8151 | D:6      | Reached skill level 10 in Stealth
  8268 | D:6      | Found a glowing silver altar of Zin.
  8388 | D:6      | Found a staircase to the Ecumenical Temple.
  8397 | Temple   | Entered the Ecumenical Temple
  9073 | D:6      | Got a transparent great mace {speed}
  9796 | D:7      | Found a radiant altar of Vehumet.
  9824 | D:7      | Found a shadowy altar of Dithmenos.
  9829 | D:7      | Became a worshipper of Dithmenos the Shadowed
 10074 | D:7      | Found an ornate altar of the Wu Jian Council.
 10331 | D:8      | Reached skill level 1 in Invocations
 10331 | D:8      | Reached XP level 10. HP: 61/63 MP: 13/13
 10356 | D:8      | Reached * piety under Dithmenos
 10525 | D:8      | Found a radiant altar of Vehumet.
 10906 | D:8      | Found Dumy's Weapon Shop.
 11472 | D:9      | Noticed a two-headed ogre
 11491 | D:9      | Killed a two-headed ogre
 11491 | D:9      | Reached skill level 5 in Invocations
 11783 | D:9      | Found an ancient bone altar of Kikubaaqudgha.
 11835 | D:9      | Noticed a two-headed ogre
 11837 | D:9      | Killed a two-headed ogre
 12068 | D:10     | Entered Level 10 of the Dungeon
 12148 | D:10     | Reached ** piety under Dithmenos
 12547 | D:10     | Noticed Nergalle
 12551 | D:10     | Killed Nergalle
 12749 | D:11     | Noticed a five-headed hydra
 12758 | D:11     | Found a staircase to the Orcish Mines.
 12977 | D:11     | Noticed a two-headed ogre
 13002 | D:11     | Killed a two-headed ogre
 13002 | D:11     | Reached skill level 1 in Fighting
 13002 | D:11     | Reached XP level 11. HP: 11/70 MP: 7/17
 13375 | D:11     | Noticed Erica
 13459 | D:11     | Found a bloodstained altar of Trog.
 13496 | D:11     | Killed Erica
 13696 | D:11     | Reached skill level 10 in Hexes
 13752 | D:11     | Noticed a centaur warrior
 13778 | D:11     | Killed a centaur warrior
 13973 | D:11     | Noticed Harold
 13980 | D:11     | Killed Harold
 14301 | D:11     | Found a staircase to the Lair.
 14406 | Orc:1    | Entered Level 1 of the Orcish Mines
 14453 | Orc:1    | Noticed a two-headed ogre
 14481 | Orc:1    | Noticed an orc sorcerer
 14502 | D:11     | Killed a two-headed ogre
 15065 | D:12     | Reached skill level 1 in Shields
 15972 | D:12     | Noticed a two-headed ogre
 16243 | Lair:1   | Entered Level 1 of the Lair of Beasts
 16264 | Lair:1   | Reached *** piety under Dithmenos
 16281 | Lair:1   | Noticed a six-headed hydra
 16335 | Orc:1    | Killed an orc sorcerer
 16335 | Orc:1    | Reached skill level 5 in Fighting
 16431 | Orc:1    | Found a roughly hewn altar of Beogh.
 16431 | Orc:1    | Noticed an orc knight
 16452 | Orc:1    | Killed an orc knight
 16497 | Orc:1    | Mangled by an orc warrior

Skill      XL: |  1  2  3  4  5  6  7  8  9 10 11 |
---------------+----------------------------------+-----
Hexes          | 5 6 7 8 12 | 12.3
Short Blades   | 2 4 5 6 8 10 12 | 12.0
Stealth        | 6 9 12 | 12.0
Invocations    | 1 8 |  8.1
Fighting       | 1 5 |  5.4
Shields        | 3 |  3.2
Dodging        | |  2.1
Spellcasting   | |  2.0
Ice Magic      | |  0.1

Action                   |  1- 3 |  4- 6 |  7- 9 | 10-12 || total
-------------------------+-------+-------+-------+-------++-------
Melee: Dagger            |    20 |       |       |       ||    20
       Short sword       |    64 |   102 |   514 |   435 ||  1115
       Bite              |     4 |     5 |    54 |    51 ||   114
Throw: Stone             |    21 |    11 |    15 |       ||    47
       Tomahawk          |       |       |     9 |    15 ||    24
 Cast: Corona            |     1 |       |     2 |       ||     3
       Ensorcelled Hiber |     8 |     8 |    11 |    21 ||    48
       Confuse           |     1 |       |     2 |       ||     3
       Tukima's Dance    |       |       |     6 |    22 ||    28
Invok: Shadow Step       |       |       |       |     1 ||     1
 Abil: End Transformatio |     2 |     1 |     1 |     2 ||     6
       Bat Form          |     2 |     1 |     1 |     2 ||     6
Evoke: Wand              |       |       |       |     2 ||     2
  Use: Potion            |     2 |     3 |    13 |    14 ||    32
       Scroll            |       |       |    15 |     4 ||    19
 Stab: Sleeping          |    10 |    10 |    25 |    35 ||    80
       Confused          |     1 |       |     1 |       ||     2
       Distracted        |       |     1 |       |     2 ||     3
  Eat: Corpse            |       |       |     1 |       ||     1
Armor: Robe              |    16 |    41 |    86 |    46 ||   189
Dodge: Dodged            |    69 |   106 |   196 |   211 ||   582
Block: Buckler           |       |       |       |    31 ||    31
